cohdb
Replays
Latest Replays
All Replays
Popular Replays
Top Player Replays
Match Explorer
How It Works
Community
CoH3 Stats
Reddit
Sign in to upload your games and track your stats! →
Sign in with Steam
Match 42515339
Unlisted
Match 42515339
Overview
Messages
Build Orders
End
Construct Section Command Post
Vickers Machine Gun Team
Selects Canadian Shock Battlegroup
Infantry Section
Infantry Section
ML 3-inch Mortar Team
Grenade Package
Selects Attacking Spirit
Construct Platoon Command Post
Humber Armored Car
Selects Canadian Shock Section
Selects Incendiary Munitions
6-pounder Anti-tank Gun Team
Construct Company Command Post
Jean Pistre
Loutre Fourbe
BigTiddyLebron
kreumat
0
0
Comments
sign in to comment!
No comments posted yet!